 Dungeon Crawl Stone Soup version 0.23.2-33-g5129a83184 (webtiles) character file.

Game seed: 17532236037447801879

1186 redwoodhats the Chopper (level 8, 0/70 HPs)
             Began as a Hill Orc Monk on July 19, 2019.
             Succumbed to a killer bee's poison
             ... on level 5 of the Dungeon on July 23, 2019.
             The game lasted 00:15:57 (3467 turns).

redwoodhats the Chopper (Hill Orc Monk)             Turns: 3467, Time: 00:15:58

Health: 0/70       AC:  8    Str: 16      XL:     8   Next: 42%
Magic:  9/9        EV: 14    Int:  9 (10) God:
Gold:   288        SH:  5    Dex: 12 (13) Spells: 7/8 levels left

rFire    + . .     SeeInvis .   i - +4 club
rCold    + . .     Gourm    .   (no shield)
rNeg     . . .     Faith    .   b - +0 robe
rPois    +         Spirit   .   j - +0 helmet
rElec    +         Reflect  +   (no cloak)
rCorr    +         Harm     .   k - +0 pair of gloves
MR       .....                  (no boots)
Stlth    ++........             m - +5 amulet of reflection
HPRegen  0.21/turn              d - +4 ring of protection
MPRegen  0.11/turn              f - ring of poison resistance

@: lethally poisoned (0 -> -2), resistant
A: no striking features
a: no special abilities


You were on level 5 of the Dungeon.
You were full.

You visited 1 branch of the dungeon, and saw 5 of its levels.

You collected 288 gold pieces.

Inventory:

Hand Weapons
 a - a +0 hand axe
 i - a +4 club (weapon)
Armour
 b - a +0 robe (worn)
 j - a +0 helmet (worn)
 k - a +0 pair of gloves (worn)
Jewellery
 d - a +4 ring of protection (left hand)
 f - a ring of poison resistance (right hand)
 m - a +5 amulet of reflection (around neck)
 o - an uncursed ring of protection from magic {unknown}
Scrolls
 g - a scroll of remove curse
 h - 4 scrolls of identify
 n - a scroll of teleportation
 r - a scroll of amnesia
Potions
 p - 2 potions of flight
Comestibles
 c - 8 rations


   Skills:
 + Level 5.7 Fighting
 + Level 5.8(7.4) Axes
 + Level 5.7(6.6) Maces & Flails
 + Level 4.9 Dodging
 + Level 2.8 Stealth
 + Level 0.9 Spellcasting
 + Level 1.1 Conjurations
 + Level 1.5 Fire Magic


You had 7 spell levels left.
You knew the following spells:

 Your Spells              Type           Power        Failure   Level  Hunger
a - Flame Tongue          Conj/Fire      #....        22%         1    ##.....

Your spell library contained the following spells:

 Spells                   Type           Power        Failure   Level  Hunger
 Summon Small Mammal      Summ           #...         36%         1    ##.....
 Call Imp                 Summ           #.......     50%         2    ###....
 Call Canine Familiar     Summ           #.......     75%         3    ####...
 Summon Guardian Golem    Hex/Summ       #.......     75%         3    ####...
 Cause Fear               Hex            #.........   98%         4    #####..
 Summon Ice Beast         Ice/Summ       #.......     98%         4    #####..
 Summon Lightning Spire   Summ/Air       #.......     98%         4    #####..
 Bolt of Fire             Conj/Fire      #.........   100%        6    #######
 Dragon Form              Tmut           #.........   100%        7    #######
 Dragon's Call            Summ           #.........   100%        9    #######


Dungeon Overview and Level Annotations

Branches:
Dungeon (5/15)
 Temple: D:4-7

Altars:


Message History

You feel sick. The killer bee barely misses you.
* * * LOW HITPOINT WARNING * * *
You feel sick. You block the killer bee's attack.
Your surroundings suddenly seem different.
Found 16 gold pieces.
Okay, then.
You eat one of the 9 rations.
That ration really hit the spot!
* * * LOW HITPOINT WARNING * * *
You feel sick.
* * * LOW HITPOINT WARNING * * *
You feel sick.
Found a ration.
You see here 16 gold pieces.
You now have 288 gold pieces (gained 16).
* * * LOW HITPOINT WARNING * * *
You feel sick.
* * * LOW HITPOINT WARNING * * *
You feel sick.
You feel protected.
You die...

.........
.......##.
......)##.
#.>(.#....#
########...##
#...# # #.###
.#
#...####..#
###...@%.#
######....#
####


There were no monsters in sight!

Vanquished Creatures
  The ghost of bgiannan the Skirmisher, a novice FoFi (D:4)
  3 ogres (D:4)
  A scorpion (D:5)
  A killer bee (D:5)
  A jelly (D:3)
  A bullfrog skeleton (D:5)
  An iguana (D:4)
  3 orc wizards (D:3)
  3 worker ants (D:4)
  Robin (D:2)
  A howler monkey skeleton (D:4)
  4 adders
  An ooze (D:3)
  A worm (D:5)
  A dart slug (D:1)
  4 leopard geckos
  8 orcs
  3 giant cockroaches
  21 goblins
  15 hobgoblins
  6 jackals
  A ball python (D:3)
  7 bats
  8 frilled lizards
  3 kobolds
  A leopard gecko skeleton (D:4)
  5 rats
106 creatures vanquished.

Notes
Turn   | Place    | Note
-------+----------+-------------------------------------------
     0 | D:1      | redwoodhats the Hill Orc Monk began the quest for the Orb.
     0 | D:1      | Reached XP level 1. HP: 19/19 MP: 1/1
   121 | D:1      | Reached XP level 2. HP: 22/27 MP: 2/2
   286 | D:1      | Reached XP level 3. HP: 18/33 MP: 3/3
   653 | D:2      | Noticed Robin
   670 | D:2      | Reached skill level 5 in Axes
   677 | D:2      | Killed Robin
   677 | D:2      | Reached XP level 4. HP: 28/40 MP: 4/4
  1339 | D:3      | Reached XP level 5. HP: 45/47 MP: 5/5
  1445 | D:3      | Reached skill level 1 in Maces & Flails
  1674 | D:3      | Reached XP level 6. HP: 24/53 MP: 6/6
  2018 | D:4      | Reached skill level 5 in Fighting
  2018 | D:4      | Reached XP level 7. HP: 45/61 MP: 7/7
  2223 | D:4      | Learned a level 1 spell: Flame Tongue
  2272 | D:4      | Found a runed translucent door.
  2275 | D:4      | Noticed bgiannan's ghost (novice FoFi)
  2816 | D:4      | Killed bgiannan's ghost
  2816 | D:4      | Reached skill level 5 in Maces & Flails
  2816 | D:4      | Reached skill level 1 in Conjurations
  2816 | D:4      | Reached skill level 1 in Fire Magic
  2816 | D:4      | Reached XP level 8. HP: 9/69 MP: 7/9
  3111 | D:5      | Entered Level 5 of the Dungeon
  3457 | D:5      | HP: 3/70 [poisoned by a killer bee]
  3462 | D:5      | HP: 1/70 [poisoned by a killer bee]
  3467 | D:5      | Succumbed to a killer bee's poison

Skill      XL: |  1  2  3  4  5  6  7 |
---------------+----------------------+-----
Fighting       | 4 5 |  5.7
Axes           | 5 |  5.8
Dodging        | 3 4 |  4.9
Stealth        | 2 |  2.8
Maces & Flails | 2 3 5 |  5.7
Conjurations   | 1 |  1.1
Fire Magic     | 1 |  1.5
Spellcasting   | |  0.9

Action                   |  1- 3 |  4- 6 |  7- 9 || total
-------------------------+-------+-------+-------++-------
Melee: Hand axe          |   112 |     1 |       ||   113
       Club              |       |   162 |   142 ||   304
 Cast: Flame Tongue      |       |       |    11 ||    11
  Use: Scroll            |     3 |     6 |     3 ||    12
       Potion            |     2 |     2 |     4 ||     8
 Stab: Sleeping          |     2 |     1 |     2 ||     5
  Eat: Ration            |       |     2 |     2 ||     4
Armor: Robe              |    26 |    63 |    51 ||   140
Dodge: Dodged            |    55 |   139 |   136 ||   330
Block: Other             |       |    42 |    30 ||    72
